General information
			
			
        
        - name: BNet
 
        - type: Ladder team game (AT/RT)
 
        - host: Battle.net
 
        - saver: PizzaFan1739
 
        
map: TidewaterGlades 
        - players: 4
 
        - length: 21:04
 
        - speed: Fast
 - version: 1.22 W3XP
 - replay type:  

 
» download(116 KB)
Players
        team 1 (loser) 
              
              
amiguxo (
purple | 107 APM | 2189 actions | 20:25)
              
 3 Far Seer 
 1 Feral Spirit
 1 Chain Lighting
 1 Far Sight
 1 Shadow Hunter 
 1 Hex
 
                » actions 
                
                | Assign group hotkey | 147 |  | 
| Basic commands | 91 |  | 
| Build / train | 43 |  | 
| ESC pressed | 2 |  | 
| Enter build submenu | 19 |  | 
| Enter hero's abilities submenu | 5 |  | 
| Give item / drop item | 2 |  | 
| Right click | 1005 |  | 
| Select / deselect | 353 |  | 
| Select group hotkey | 448 |  | 
| Use ability | 74 |  | 
                2189 total
 » units 
                
                | Peon | 7 |  | 
| Grunt | 6 |  | 
| Demolisher | 7 |  | 
| Raider | 7 |  | 
                27 total
 » upgrades
                
                | Armor | 1 |  | 
| Ensnare | 1 |  | 
| Troll Regeneration | 1 |  | 
| Berserker Strength | 1 |  | 
                4 total
 » buildings
                
                | Altar of Storms | 1 |  | 
| Orc Burrow | 8 |  | 
| Barracks | 2 |  | 
| Voodoo Lounge | 1 |  | 
| Stronghold | 1 |  | 
| War Mill | 1 |  | 
| Beastiary | 2 |  | 
| Fortress | 1 |  | 
                17 total
 » build order
                00:18 Altar of Storms
00:30 Orc Burrow
00:49 Barracks
01:38 Orc Burrow
02:36 Voodoo Lounge
03:51 Orc Burrow
04:16 Stronghold
04:21 Orc Burrow
05:11 War Mill
07:20 Beastiary
07:21 Barracks
07:31 Beastiary
11:44 Orc Burrow
11:45 Orc Burrow
11:49 Orc Burrow
11:50 Fortress
13:11 Orc Burrow
» items
                
                | Scroll of Healing | 1 |  | 
| Scroll of Protection | 1 |  | 
| Boots of Speed | 1 |  | 
                3 total
  
               
              
              
amiguxo1 (
orange | 94 APM | 1981 actions | 21:02)
              
 3 Keeper of the Grove 
 2 Entangling Roots
 1 Thorns Aura
 2 Priestess of the Moon 
 1 Trueshot Aura
 1 Searing Arrows
 
                » actions 
                
                | Assign group hotkey | 24 |  | 
| Basic commands | 119 |  | 
| Build / train | 65 |  | 
| Enter build submenu | 22 |  | 
| Enter hero's abilities submenu | 5 |  | 
| Right click | 562 |  | 
| Select / deselect | 340 |  | 
| Select group hotkey | 797 |  | 
| Use ability | 47 |  | 
                1981 total
 » units 
                
                | Wisp | 19 |  | 
| Archer | 7 |  | 
| Huntress | 1 |  | 
| Dryad | 3 |  | 
| Druid of the Claw | 6 |  | 
                36 total
 » upgrades
                
                | Strength of the Moon | 1 |  | 
| Abolish Magic | 1 |  | 
| Druid of the Claw Training | 2 |  | 
| Strength of the Wild | 1 |  | 
| Mark of the Claw | 1 |  | 
                6 total
 » buildings
                
                | Altar of Elders | 1 |  | 
| Moon Well | 7 |  | 
| Ancient of War | 1 |  | 
| Hunter's Hall | 1 |  | 
| Tree of Ages | 2 |  | 
| Ancient of Lore | 2 |  | 
| Tree of Eternity | 5 |  | 
| Ancient of Wind | 1 |  | 
| Tree of Life | 4 |  | 
                24 total
 » build order
                00:04 Altar of Elders
00:09 Moon Well
00:16 Ancient of War
01:49 Moon Well
04:13 Moon Well
05:10 Hunter's Hall
05:36 Tree of Ages
06:48 Moon Well
07:54 Moon Well
08:06 Ancient of Lore
08:07 Ancient of Lore
08:14 Tree of Eternity
08:14 Tree of Eternity
08:14 Tree of Eternity
08:15 Tree of Eternity
09:27 Moon Well
13:36 Ancient of Wind
15:03 Tree of Life
16:39 Moon Well
17:54 Tree of Life
18:02 Tree of Life
18:29 Tree of Life
» items
                 
               team 2 (winner) 
              
              
OldPapaSmurf (
green | 93 APM | 1957 actions | 21:03)
              
 4 Blademaster 
 2 Wind Walk
 2 Critical Strike
 
                » actions 
                
                | Assign group hotkey | 202 |  | 
| Basic commands | 5 |  | 
| Build / train | 59 |  | 
| Enter build submenu | 46 |  | 
| Enter hero's abilities submenu | 4 |  | 
| Give item / drop item | 11 |  | 
| Remove unit from queue | 2 |  | 
| Right click | 1058 |  | 
| Select / deselect | 266 |  | 
| Select group hotkey | 177 |  | 
| Use ability | 126 |  | 
                1957 total
 » units 
                » upgrades
                
                | Spiked Barricades | 1 |  | 
| Ranged Weapons | 2 |  | 
| Liquid Fire | 1 |  | 
                4 total
 » buildings
                
                | Altar of Storms | 1 |  | 
| Orc Burrow | 4 |  | 
| War Mill | 1 |  | 
| Watch Tower | 30 |  | 
| Voodoo Lounge | 1 |  | 
| Stronghold | 3 |  | 
| Beastiary | 3 |  | 
| Fortress | 2 |  | 
| Great Hall | 1 |  | 
                46 total
 » build order
                00:02 Altar of Storms
00:11 Orc Burrow
00:46 War Mill
01:46 Orc Burrow
02:01 Watch Tower
02:22 Watch Tower
03:10 Watch Tower
03:13 Watch Tower
03:34 Voodoo Lounge
03:49 Stronghold
03:49 Stronghold
03:49 Stronghold
04:16 Watch Tower
04:34 Watch Tower
05:08 Watch Tower
05:12 Orc Burrow
05:41 Watch Tower
05:42 Watch Tower
06:53 Beastiary
06:57 Beastiary
07:00 Beastiary
07:09 Fortress
07:09 Fortress
09:03 Great Hall
09:07 Watch Tower
09:25 Watch Tower
09:26 Watch Tower
10:27 Watch Tower
10:37 Watch Tower
10:59 Watch Tower
10:59 Watch Tower
11:19 Orc Burrow
11:55 Watch Tower
12:07 Watch Tower
13:07 Watch Tower
13:09 Watch Tower
15:34 Watch Tower
15:35 Watch Tower
16:37 Watch Tower
16:40 Watch Tower
18:07 Watch Tower
18:09 Watch Tower
18:55 Watch Tower
20:25 Watch Tower
20:25 Watch Tower
20:26 Watch Tower
» items
                
                | Boots of Speed | 1 |  | 
| Staff of Teleportation | 1 |  | 
| Healing Salve | 4 |  | 
| Lesser Clarity Potion | 5 |  | 
| Scroll of Speed | 1 |  | 
| Orb of Lightning | 1 |  | 
| Potion of Healing | 3 |  | 
                16 total
  
               
              
              
PizzaFan1739 (
red | 85 APM | 1787 actions | 21:04)
              
 3 Archmage 
 2 Blizzard
 1 Brilliance Aura
 3 Blood Mage 
 2 Flame Strike
 1 Siphon Mana
 2 Pit Lord 
 1 Rain of Fire
 1 Cleaving Attack
 
                » actions 
                
                | Assign group hotkey | 6 |  | 
| Build / train | 84 |  | 
| Enter build submenu | 37 |  | 
| Enter hero's abilities submenu | 8 |  | 
| Give item / drop item | 4 |  | 
| Remove unit from queue | 1 |  | 
| Right click | 960 |  | 
| Select / deselect | 271 |  | 
| Select group hotkey | 293 |  | 
| Use ability | 122 |  | 
                1787 total
 » units 
                
                | Peasant | 15 |  | 
| Sorceress | 1 |  | 
| Priest | 3 |  | 
| Goblin Shredder | 1 |  | 
| Goblin Zeppelin | 1 |  | 
                21 total
 » upgrades
                
                | Lumber Harvesting | 2 |  | 
| Masonry | 3 |  | 
| Magic Sentry | 1 |  | 
| Priest Training | 2 |  | 
| Sorceress Training | 2 |  | 
                10 total
 » buildings
                
                | Altar of Kings | 2 |  | 
| Farm | 5 |  | 
| Lumber Mill | 1 |  | 
| Scout Tower | 34 |  | 
| Guard Tower | 17 |  | 
| Arcane Tower | 3 |  | 
| Keep | 1 |  | 
| Town Hall | 2 |  | 
| Arcane Vault | 3 |  | 
| Arcane Sanctum | 1 |  | 
| Castle | 1 |  | 
                70 total
 » build order
                00:22 Altar of Kings
00:24 Altar of Kings
00:34 Farm
00:40 Lumber Mill
01:03 Farm
01:05 Scout Tower
01:29 Scout Tower
01:47 Guard Tower
02:06 Arcane Tower
02:11 Scout Tower
02:12 Scout Tower
02:36 Scout Tower
02:47 Guard Tower
03:11 Keep
03:11 Guard Tower
03:37 Guard Tower
03:38 Scout Tower
04:17 Guard Tower
04:19 Scout Tower
05:05 Town Hall
05:07 Guard Tower
05:08 Scout Tower
05:11 Arcane Vault
05:18 Scout Tower
05:40 Guard Tower
05:41 Scout Tower
05:42 Scout Tower
05:56 Arcane Tower
06:29 Scout Tower
07:07 Guard Tower
07:09 Scout Tower
07:13 Scout Tower
07:14 Scout Tower
07:38 Guard Tower
08:00 Arcane Sanctum
08:05 Guard Tower
08:20 Arcane Tower
08:20 Guard Tower
08:24 Scout Tower
08:58 Guard Tower
08:59 Scout Tower
09:00 Scout Tower
09:54 Guard Tower
09:54 Guard Tower
10:27 Farm
10:28 Farm
10:28 Farm
11:52 Castle
13:20 Scout Tower
13:20 Scout Tower
13:21 Scout Tower
13:22 Scout Tower
13:23 Scout Tower
14:37 Guard Tower
14:39 Scout Tower
14:39 Scout Tower
14:51 Guard Tower
15:10 Arcane Vault
15:12 Guard Tower
16:07 Arcane Vault
20:19 Town Hall
20:22 Scout Tower
20:23 Scout Tower
20:23 Scout Tower
20:24 Scout Tower
20:25 Scout Tower
20:25 Scout Tower
20:26 Scout Tower
20:27 Scout Tower
20:27 Scout Tower
» items
                
                | Boots of Speed | 3 |  | 
| Staff of Teleportation | 3 |  | 
| Scroll of Regeneration | 1 |  | 
| Lesser Clarity Potion | 1 |  | 
| Potion of Healing | 1 |  | 
| Staff of Sanctuary | 2 |  | 
| Scroll of Town Portal | 1 |  | 
| Potion of Lesser Invulnerability | 2 |  | 
                14 total
  
                Chat log
          
(02:41 / All) PizzaFan1739: a gl
(02:42 / All) PizzaFan1739: a hf
(02:45 / All) PizzaFan1739: a 1  2   3    4
(14:17 / All) PizzaFan1739: gg
(14:22 / All) PizzaFan1739: shepnoobs
(17:29 / All) PizzaFan1739: peace ya later.
(20:33 / All) OldPapaSmurf: good grame..
(20:34 / All) PizzaFan1739: noob scroob
(20:35 / All) OldPapaSmurf: good graham.
(20:46 / All) amiguxo1: shet up mother fuck 
(20:54 / All) PizzaFan1739: u leave now
(20:56 / All) PizzaFan1739: jajajaja
(20:59 / All) amiguxo1: your mothers in the zone